Wild vs Sabres

Created - Friday, January 16, 2015 at 23:25

Goals
1 2 3 T
Wild 3 1 1 5
Sabres 1 2 0 3
Shots
1 2 3 T
Wild 20 4 10 34
Sabres 6 15 13 34

1st period

1. Wild , Tuomo Ruutu 4 (Mark Streit, Jerred Smithson) at 3:34
2. Wild , Thomas Vanek 26 (Patrik Elias, Jordan Eberle) at 6:19
3. Sabres , Sidney Crosby 33 (David Perron, Jay Bouwmeester) at 6:58 (PP)
4. Wild , Alexandre Burrows 13 (Dan Boyle, Cody Franson) at 7:49 (PP)

Penalties :
Maxime Talbot (Min) for Holding (Minor) at 1:04, Thomas Vanek (Min) for Roughing (Minor) at 6:31, Steve Downie (Buf) for Holding (Minor) at 7:32, Chris Neil (Min) for Tripping (Minor) at 9:04, Steve Downie (Buf) for Tripping (Minor) at 16:28, Alexandre Burrows (Min) for Hooking (Minor) at 19:59

2nd period

5. Sabres , Blake Wheeler 22 (Henrik Zetterberg, Brooks Orpik) at 9:15 (PP)
6. Sabres , Dwight King 4 (Gustav Nyquist, Jay Bouwmeester) at 12:11
7. Wild , Marek Zidlicky 7 (Dan Boyle) at 15:41

Penalties :
Maxime Talbot (Min) for Holding (Minor) at 3:25, Cody Franson (Min) for Hooking (Minor) at 6:23, Drew Miller (Min) for Cross-checking (Minor) at 8:45, Jordan Eberle (Min) for Roughing (Minor) at 17:01

3rd period

8. Wild , Michal Handzus 1 (Chris Neil, Bryce Salvador) at 16:59

Penalties :
Marek Zidlicky (Min) for High sticking (Minor) at 4:20, Alex Pietrangelo (Buf) for Holding (Minor) at 19:31

Goalie Stats

Antti Niemi (Min), 31 saves from 34 shots - (0.912), W, 23-7-4, 60:00 minutes
Evgeni Nabokov (Buf), 29 saves from 34 shots - (0.853), L, 10-8-0, 60:00 minutes

Players Stats for Wild

Player Name              G  A  P  +/- PIM S  H  SB GA TA FO     MP     PP MP  PK MP  
------------------------------------------------------------------------------------
Alexandre Burrows        1  0  1   0  2   2  0  0  1  1  1/2    14:55   0:55   0:48 
Brad Marchand            0  0  0   0  0   2  1  0  2  0  0/0    12:24   0:00   0:14 
Bryce Salvador           0  1  1   0  0   2  1  3  0  1  0/0    19:04   0:47   6:35 
Chris Neil               0  1  1   1  2   0  2  0  1  0  0/0     9:42   0:00   0:00 
Cody Franson             0  1  1   1  2   3  4  2  3  1  0/0    19:14   1:29   7:18 
Dan Boyle                0  2  2   2  0   5  2  0  2  1  0/0    27:51   1:57   8:24 
Drew Miller              0  0  0   1  2   1  1  0  0  1  0/1    16:55   0:00   5:02 
Jason Zucker             0  0  0   1  0   0  0  0  1  0  0/0     7:18   0:00   0:00 
Jerred Smithson          0  1  1   1  0   0  2  0  0  0  1/2     7:18   0:00   0:00 
Jordan Eberle            0  1  1   1  2   2  1  0  1  0  1/1    19:04   1:49   4:09 
Luke Schenn              0  0  0   0  0   1  2  0  0  1  0/0    23:25   0:00   6:48 
Marek Zidlicky           1  0  1   2  2   2  0  0  0  1  0/0    16:33   0:00   0:00 
Mark Streit              0  1  1   1  0   0  0  0  1  0  0/0    14:35   1:15   0:35 
Maxime Talbot            0  0  0   0  4   2  0  0  0  0  2/10   13:25   0:55   0:00 
Michal Handzus           1  0  1   1  0   3  2  1  1  1  5/8     9:43   0:00   0:00 
Patrik Elias             0  1  1   1  0   3  2  0  2  0  14/33  22:52   1:49   9:53 
Thomas Vanek             1  0  1   1  2   5  1  0  2  0  0/0    22:25   1:49   9:34 
Tuomo Ruutu              1  0  1   1  0   1  1  0  0  0  0/0     8:13   0:55   0:00 

Players Stats for Sabres

Player Name              G  A  P  +/- PIM S  H  SB GA TA FO     MP     PP MP  PK MP  
------------------------------------------------------------------------------------
Alec Martinez            0  0  0  -2  0   0  1  0  0  0  0/0    16:36   5:56   0:00 
Alex Pietrangelo         0  0  0  -1  2   4  0  2  0  2  0/0    26:59   8:54   0:38 
Blake Wheeler            1  0  1  -3  0   2  4  1  2  0  0/0    19:20   7:16   0:00 
Brooks Orpik             0  1  1  -2  0   0  2  1  0  1  0/0    26:11   5:56   0:38 
Chris Higgins            0  0  0  -1  0   0  0  2  1  0  0/0    10:20   0:27   1:23 
Dany Heatley             0  0  0  -1  0   1  1  0  0  0  0/0     8:30   0:00   0:00 
David Perron             0  1  1   0  0   1  0  0  0  1  0/3    20:54   7:34   0:00 
Dwight King              1  0  1   1  0   3  2  0  1  1  0/1     8:15   0:00   0:00 
Eric Brewer              0  0  0   0  0   1  1  2  0  1  0/0    16:23   0:00   2:06 
Gustav Nyquist           0  1  1   1  0   3  0  0  2  0  1/1    16:08   7:16   0:00 
Henrik Zetterberg        0  1  1  -3  0   4  1  0  3  2  2/5    20:57   7:16   1:21 
Jay Bouwmeester          0  2  2   0  0   2  1  1  0  1  0/0    25:17   8:54   2:06 
Matt Stajan              0  0  0   1  0   4  1  1  0  1  5/9     9:38   0:00   1:23 
Sidney Crosby            1  0  1   0  0   5  1  0  4  0  10/14  20:54   7:34   0:00 
Stephane Robidas         0  0  0  -1  0   2  1  1  0  0  0/0     8:31   0:00   0:00 
Steve Downie             0  0  0   0  4   0  3  0  2  0  0/0    11:57   0:00   0:00 
Steven Stamkos           0  0  0  -3  0   2  3  0  1  0  11/15  20:11   7:07   0:00 
Will Acton               0  0  0  -1  0   0  0  0  0  0  4/9    10:07   0:00   1:21 

3 Stars

1 - Dan Boyle (Min)
2 - Michal Handzus (Min)
3 - Dwight King (Buf)

Power Play

Wild - 1 on 3 Attempt(s) - 33.33%
Sabres - 2 on 9 Attempt(s) - 22.22%

Penalty Kill

Wild - 7 on 9 Attempt(s) - 77.78% - Score 0 goal in Penalty Kill
Sabres - 2 on 3 Attempt(s) - 66.67% - Score 0 goal in Penalty Kill

Team Stat

Wild - Hits : 22 - Faceoff Wins : 24 - Blocked Shots : 6 - Penalty Minutes : 18
Sabres - Hits : 22 - Faceoff Wins : 33 - Blocked Shots : 11 - Penalty Minutes : 6

Official

Referees : Unknown
Linesman : Unknown

Game Notes

Cody Franson is injured at 6:43 of 3rd period (Right Ankle)

Finance

Level 1 -- Attendance: 6000 (100.00%) -- Ticket Income $462,000
Level 2 -- Attendance: 4527 (90.54%) -- Ticket Income $199,188
Level 3 -- Attendance: 1857 (92.85%) -- Ticket Income $51,996
Level 4 -- Attendance: 4000 (100.00%) -- Ticket Income $52,000
Luxury Box -- Attendance: 865 (86.50%) -- Ticket Income $151,375
Game was played at the HSBC Arena'
Total Attendance: 17249 (95.83%)
Total Ticket Income: $916,559
Other Income: $449,114
Total Income: $1,365,673

Wild

5 vs 5 Forward 
   Center                   Left Wing                Right Wing               Time % Phy DF OF 
 1 Patrik Elias             Thomas Vanek             Jordan Eberle            35     1   2  2  
 2 Maxime Talbot            Brad Marchand            Alexandre Burrows        30     1   2  2  
 3 Michal Handzus           Drew Miller              Chris Neil               22     1   2  2  
 4 Jerred Smithson          Jason Zucker             Tuomo Ruutu              13     1   2  2  

5 vs 5 Defense 
   Defense                  Defense                                           Time % Phy DF OF 
 1 Marek Zidlicky           Dan Boyle                                         35     1   2  2  
 2 Cody Franson             Mark Streit                                       30     1   2  2  
 3 Luke Schenn              Bryce Salvador                                    22     1   2  2  
 4 Cody Franson             Luke Schenn                                       13     1   2  2  

PowerPlay Forward 
   Center                   Left Wing                Right Wing               Time % Phy DF OF 
 1 Patrik Elias             Thomas Vanek             Jordan Eberle            60     1   2  2  
 2 Alexandre Burrows        Maxime Talbot            Tuomo Ruutu              40     1   2  2  

PowerPlay Defense
   Defense                  Defense                                           Time % Phy DF OF 
 1 Cody Franson             Dan Boyle                                         60     1   2  2  
 2 Bryce Salvador           Mark Streit                                       40     1   2  2  

Penalty Kill 4 Players Forward 
   Center                   Wing                     Time % Phy DF OF 
 1 Patrik Elias             Thomas Vanek             60     1   2  2  
 2 Jordan Eberle            Drew Miller              40     1   2  2  

Penalty Kill 4 Players Defense
   Defense                  Defense                  Time % Phy DF OF 
 1 Cody Franson             Dan Boyle                60     1   2  2  
 2 Bryce Salvador           Luke Schenn              40     1   2  2  

Penalty Kill - 3 Players Forward 
   Forward                                           Time % Phy DF OF 
 1 Patrik Elias                                      60     1   2  2  
 2 Thomas Vanek                                      40     1   2  2  

Penalty Kill - 3 Players Defense
   Defense                  Defense                  Time % Phy DF OF 
 1 Cody Franson             Dan Boyle                60     1   2  2  
 2 Bryce Salvador           Luke Schenn              40     1   2  2  

4 vs 4 Forward 
   Center                   Wing                     Time % Phy DF OF 
 1 Patrik Elias             Thomas Vanek             60     1   2  2  
 2 Jordan Eberle            Alexandre Burrows        40     1   2  2  

4 vs 4 Defense
   Defense                  Defense                  Time % Phy DF OF 
 1 Cody Franson             Dan Boyle                60     1   2  2  
 2 Bryce Salvador           Mark Streit              40     1   2  2  

Last Minutes Offensive
   Center                   Left Wing                Right Wing               Defense                  Defense                  
   Patrik Elias             Thomas Vanek             Jordan Eberle            Cody Franson             Dan Boyle                

Last Minutes Defensive
   Center                   Left Wing                Right Wing               Defense                  Defense                  
   Patrik Elias             Thomas Vanek             Jordan Eberle            Cody Franson             Dan Boyle                

Goaltenders
Starting : Antti Niemi              
Backup : Niklas Backstrom         

Extra Forwards
Normal : Brad Marchand, Michal Handzus, Drew Miller - PP : Brad Marchand, Michal Handzus - PK : Drew Miller
Extra Defensemen
Normal : Mark Streit, Luke Schenn, Bryce Salvador - PP : Mark Streit - PK : Luke Schenn, Bryce Salvador
Penalty Shots
Patrik Elias, Thomas Vanek, Jordan Eberle, Michal Handzus, Tuomo Ruutu

Sabres

5 vs 5 Forward 
   Center                   Left Wing                Right Wing               Time % Phy DF OF 
 1 Sidney Crosby            David Perron             Steve Downie             40     1   1  3  
 2 Steven Stamkos           Henrik Zetterberg        Blake Wheeler            37     0   1  4  
 3 Matt Stajan              Dwight King              Gustav Nyquist           13     1   2  2  
 4 Will Acton               Dany Heatley             Chris Higgins            10     2   2  1  

5 vs 5 Defense 
   Defense                  Defense                                           Time % Phy DF OF 
 1 Brooks Orpik             Alex Pietrangelo                                  37     1   3  1  
 2 Jay Bouwmeester          Eric Brewer                                       36     1   2  2  
 3 Alec Martinez            Stephane Robidas                                  17     1   4  0  
 4 Jay Bouwmeester          Alex Pietrangelo                                  10     1   1  3  

PowerPlay Forward 
   Center                   Left Wing                Right Wing               Time % Phy DF OF 
 1 Sidney Crosby            David Perron             Steven Stamkos           55     0   0  5  
 2 Henrik Zetterberg        Gustav Nyquist           Blake Wheeler            45     0   0  5  

PowerPlay Defense
   Defense                  Defense                                           Time % Phy DF OF 
 1 Jay Bouwmeester          Alex Pietrangelo                                  55     0   2  3  
 2 Alec Martinez            Brooks Orpik                                      45     0   2  3  

Penalty Kill 4 Players Forward 
   Center                   Wing                     Time % Phy DF OF 
 1 Matt Stajan              Chris Higgins            50     1   4  0  
 2 Will Acton               Henrik Zetterberg        50     2   3  0  

Penalty Kill 4 Players Defense
   Defense                  Defense                  Time % Phy DF OF 
 1 Brooks Orpik             Alex Pietrangelo         50     1   4  0  
 2 Eric Brewer              Jay Bouwmeester          50     1   4  0  

Penalty Kill - 3 Players Forward 
   Forward                                           Time % Phy DF OF 
 1 Matt Stajan                                       50     1   2  2  
 2 Will Acton                                        50     1   2  2  

Penalty Kill - 3 Players Defense
   Defense                  Defense                  Time % Phy DF OF 
 1 Brooks Orpik             Alex Pietrangelo         50     1   4  0  
 2 Eric Brewer              Jay Bouwmeester          50     1   4  0  

4 vs 4 Forward 
   Center                   Wing                     Time % Phy DF OF 
 1 Sidney Crosby            Blake Wheeler            50     0   1  4  
 2 Steven Stamkos           Henrik Zetterberg        50     1   1  3  

4 vs 4 Defense
   Defense                  Defense                  Time % Phy DF OF 
 1 Jay Bouwmeester          Alex Pietrangelo         50     1   2  2  
 2 Eric Brewer              Brooks Orpik             50     1   2  2  

Last Minutes Offensive
   Center                   Left Wing                Right Wing               Defense                  Defense                  
   Sidney Crosby            Henrik Zetterberg        Steven Stamkos           Jay Bouwmeester          Alex Pietrangelo         

Last Minutes Defensive
   Center                   Left Wing                Right Wing               Defense                  Defense                  
   Henrik Zetterberg        Dwight King              Chris Higgins            Brooks Orpik             Alex Pietrangelo         

Goaltenders
Starting : Evgeni Nabokov           
Backup : Josh Harding             

Extra Forwards
Normal : Steven Stamkos, Henrik Zetterberg, Gustav Nyquist - PP : David Perron, Steven Stamkos - PK : Chris Higgins
Extra Defensemen
Normal : Eric Brewer, Stephane Robidas, Brooks Orpik - PP : Eric Brewer - PK : Eric Brewer, Brooks Orpik
Penalty Shots
Steven Stamkos, Sidney Crosby, Blake Wheeler, David Perron, Henrik Zetterberg

% Time on Ice - Wild

Lines # - Real PCT - Wanted PCT - Time Play
Normal Forward
1 - 26% - 35% - 11:10
2 - 34% - 30% - 14:15
3 - 23% - 22% - 9:43
4 - 17% - 13% - 7:18
Normal Defense
1 - 41% - 35% - 17:31
2 - 33% - 30% - 13:55
3 - 19% - 22% - 7:53
4 - 7% - 13% - 3:07
PP Forward
1 - 66% - 60% - 1:49
2 - 34% - 40% - 0:55
PP Defense
1 - 71% - 60% - 1:57
2 - 29% - 40% - 0:47
PK Forward
1 - 68% - 60% - 10:04
2 - 32% - 40% - 4:46
PK Defense
1 - 57% - 60% - 8:24
2 - 43% - 40% - 6:26
PK3 Forward
1 - 0% - 60%
2 - 0% - 40%
PK3 Defense
1 - 0% - 60%
2 - 0% - 40%
44 Forward
1 - 0% - 60%
2 - 0% - 40%
44 Defense
1 - 0% - 60%
2 - 0% - 40%
Last Minute Offensive  - 0:00
Last Minute Defensive  - 0:00
Total
Forward - 60:00
Defense - 60:00

% Time on Ice - Sabres

Lines # - Real PCT - Wanted PCT - Time Play
Normal Forward
1 - 31% - 40% - 13:20
2 - 29% - 37% - 12:20
3 - 19% - 13% - 8:15
4 - 20% - 10% - 8:31
Normal Defense
1 - 41% - 37% - 17:28
2 - 39% - 36% - 16:27
3 - 20% - 17% - 8:31
4 - 0% - 10% - 0:00
PP Forward
1 - 51% - 55% - 7:34
2 - 49% - 45% - 7:16
PP Defense
1 - 60% - 55% - 8:54
2 - 40% - 45% - 5:56
PK Forward
1 - 51% - 50% - 1:23
2 - 49% - 50% - 1:21
PK Defense
1 - 23% - 50% - 0:38
2 - 77% - 50% - 2:06
PK3 Forward
1 - 0% - 50%
2 - 0% - 50%
PK3 Defense
1 - 0% - 50%
2 - 0% - 50%
44 Forward
1 - 0% - 50%
2 - 0% - 50%
44 Defense
1 - 0% - 50%
2 - 0% - 50%
Last Minute Offensive  - 0:00
Last Minute Defensive  - 0:00
Total
Forward - 60:00
Defense - 60:00

Play by Play

1st period


0:01 of 1st period - Patrik Elias wins face-off versus Sidney Crosby in neutral zone.
0:22 of 1st period - Snap shot by Jordan Eberle.
0:22 of 1st period - Shot Misses the Net.
0:24 of 1st period - Snap shot by Marek Zidlicky.
0:24 of 1st period - Stopped by Evgeni Nabokov with a rebound.
1:04 of 1st period - Minor Penalty to Maxime Talbot for Holding.
1:05 of 1st period - Gustav Nyquist wins face-off versus Patrik Elias in Wild zone.
1:40 of 1st period - Cody Franson is hit by Blake Wheeler and loses puck.
1:55 of 1st period - Brooks Orpik is hit by Cody Franson and loses puck.
3:00 of 1st period - David Perron is hit by Luke Schenn and loses puck.
3:04 of 1st period - Penalty to Maxime Talbot is over, Maxime Talbot is back on ice.
3:34 of 1st period - Slapshot by Mark Streit.
3:34 of 1st period - Deflect By Tuomo Ruutu.
3:34 of 1st period - Goal by Tuomo Ruutu - Wild : 1 - Sabres : 0.
3:35 of 1st period - Maxime Talbot wins face-off versus Will Acton in neutral zone.
3:39 of 1st period - Snap shot by Brad Marchand.
3:39 of 1st period - Shot Misses the Net.
3:43 of 1st period - Snap shot by Brad Marchand.
3:43 of 1st period - Stopped by Evgeni Nabokov with a rebound.
3:45 of 1st period - Snap shot by Maxime Talbot.
3:45 of 1st period - Deflect By Eric Brewer.
3:45 of 1st period - Stopped by Evgeni Nabokov with a rebound.
3:53 of 1st period - Wrist shot by Maxime Talbot.
3:53 of 1st period - Stopped by Evgeni Nabokov with a rebound.
3:55 of 1st period - Wrist shot by Brad Marchand.
3:55 of 1st period - Stopped by Evgeni Nabokov with a rebound.
4:05 of 1st period - Slapshot by Dan Boyle.
4:05 of 1st period - Deflect By Alexandre Burrows.
4:05 of 1st period - Shot Blocked by Chris Higgins.
4:05 of 1st period - Puck is out of play.
4:06 of 1st period - Steven Stamkos wins face-off versus Michal Handzus in Sabres zone.
4:28 of 1st period - Snap shot by Cody Franson.
4:28 of 1st period - Deflect By Alec Martinez.
4:28 of 1st period - Stopped by Evgeni Nabokov with a rebound.
4:38 of 1st period - Backhand shot by Michal Handzus.
4:38 of 1st period - Stopped by Evgeni Nabokov with a rebound.
4:56 of 1st period - Mark Streit is hit by Alec Martinez and loses puck.
5:18 of 1st period - Jay Bouwmeester is hit by Jerred Smithson and loses puck.
5:49 of 1st period - Wrist shot by Alexandre Burrows.
5:49 of 1st period - Shot Misses the Net.
6:15 of 1st period - Slapshot by Patrik Elias.
6:15 of 1st period - Stopped by Evgeni Nabokov with a rebound.
6:17 of 1st period - Wrist shot by Thomas Vanek.
6:17 of 1st period - Shot Blocked by Eric Brewer.
6:19 of 1st period - Backhand shot by Patrik Elias.
6:19 of 1st period - Deflect By Thomas Vanek.
6:19 of 1st period - Goal by Thomas Vanek - Wild : 2 - Sabres : 0.
6:20 of 1st period - Sidney Crosby wins face-off versus Patrik Elias in neutral zone.
6:31 of 1st period - Minor Penalty to Thomas Vanek for Roughing.
6:32 of 1st period - Sidney Crosby wins face-off versus Patrik Elias in Wild zone.
6:58 of 1st period - Wrist shot by Sidney Crosby.
6:58 of 1st period - Goal by Sidney Crosby - Wild : 2 - Sabres : 1.
6:59 of 1st period - Sidney Crosby wins face-off versus Patrik Elias in neutral zone.
7:16 of 1st period - Patrik Elias is hit by Sidney Crosby and loses puck.
7:32 of 1st period - Minor Penalty to Steve Downie for Holding.
7:33 of 1st period - Alexandre Burrows wins face-off versus Matt Stajan in Sabres zone.
7:35 of 1st period - Wrist shot by Alexandre Burrows.
7:35 of 1st period - Shot Blocked by Matt Stajan.
7:39 of 1st period - Snap shot by Dan Boyle.
7:39 of 1st period - Stopped by Evgeni Nabokov with a rebound.
7:41 of 1st period - Slapshot by Cody Franson.
7:41 of 1st period - Stopped by Evgeni Nabokov with a rebound.
7:43 of 1st period - Wrist shot by Maxime Talbot.
7:43 of 1st period - Deflect By Alexandre Burrows.
7:43 of 1st period - Stopped by Evgeni Nabokov with a rebound.
7:45 of 1st period - Slapshot by Cody Franson.
7:45 of 1st period - Shot Blocked by Jay Bouwmeester.
7:47 of 1st period - Wrist shot by Dan Boyle.
7:47 of 1st period - Shot Blocked by Chris Higgins.
7:49 of 1st period - Wrist shot by Alexandre Burrows.
7:49 of 1st period - Goal by Alexandre Burrows - Wild : 3 - Sabres : 1.
7:50 of 1st period - Michal Handzus wins face-off versus Sidney Crosby in neutral zone.
7:53 of 1st period - Slapshot by Dan Boyle.
7:53 of 1st period - Stopped by Evgeni Nabokov with a rebound.
8:06 of 1st period - Marek Zidlicky is hit by Steve Downie and loses puck.
8:37 of 1st period - Snap shot by Gustav Nyquist.
8:37 of 1st period - Stopped by Antti Niemi with a rebound.
9:04 of 1st period - Minor Penalty to Chris Neil for Tripping.
9:05 of 1st period - Steven Stamkos wins face-off versus Patrik Elias in Wild zone.
10:15 of 1st period - Slapshot by Dan Boyle.
10:15 of 1st period - Stopped by Evgeni Nabokov without a rebound.
10:16 of 1st period - Patrik Elias wins face-off versus David Perron in Sabres zone.
11:04 of 1st period - Penalty to Chris Neil is over, Chris Neil is back on ice.
11:10 of 1st period - Brooks Orpik is hit by Dan Boyle and loses puck.
11:23 of 1st period - Sidney Crosby is hit by Cody Franson and loses puck.
12:11 of 1st period - Bryce Salvador is hit by Stephane Robidas and loses puck.
12:32 of 1st period - Wrist shot by Dany Heatley.
12:32 of 1st period - Shot Misses the Net.
13:28 of 1st period - Snap shot by Henrik Zetterberg.
13:28 of 1st period - Stopped by Antti Niemi without a rebound.
13:29 of 1st period - Steven Stamkos wins face-off versus Drew Miller in Wild zone.
13:54 of 1st period - Drew Miller is hit by Dany Heatley and loses puck.
14:29 of 1st period - Brooks Orpik is hit by Patrik Elias and loses puck.
15:14 of 1st period - Mark Streit is hit by Steven Stamkos and loses puck.
15:52 of 1st period - Snap shot by Gustav Nyquist.
15:52 of 1st period - Stopped by Antti Niemi with a rebound.
15:54 of 1st period - Slapshot by Dwight King.
15:54 of 1st period - Shot Misses the Net.
15:56 of 1st period - Wrist shot by Dwight King.
15:56 of 1st period - Deflect By Gustav Nyquist.
15:56 of 1st period - Stopped by Antti Niemi with a rebound.
16:10 of 1st period - Eric Brewer is hit by Cody Franson and loses puck.
16:15 of 1st period - Slapshot by Dan Boyle.
16:15 of 1st period - Shot Blocked by Eric Brewer.
16:17 of 1st period - Wrist shot by Chris Neil.
16:17 of 1st period - Deflect By Drew Miller.
16:17 of 1st period - Shot Misses the Net.
16:17 of 1st period - Puck is out of play.
16:18 of 1st period - Michal Handzus wins face-off versus Will Acton in Sabres zone.
16:19 of 1st period - Slapshot by Dan Boyle.
16:19 of 1st period - Shot Blocked by Brooks Orpik.
16:21 of 1st period - Wrist shot by Michal Handzus.
16:21 of 1st period - Stopped by Evgeni Nabokov with a rebound.
16:23 of 1st period - Slapshot by Dan Boyle.
16:23 of 1st period - Shot Misses the Net.
16:25 of 1st period - Wrist shot by Dan Boyle.
16:25 of 1st period - Stopped by Evgeni Nabokov without a rebound.
16:26 of 1st period - Sidney Crosby wins face-off versus Patrik Elias in Sabres zone.
16:28 of 1st period - Minor Penalty to Steve Downie for Tripping.
16:29 of 1st period - Patrik Elias wins face-off versus Henrik Zetterberg in Sabres zone.
16:43 of 1st period - Jay Bouwmeester is hit by Cody Franson and loses puck.
17:04 of 1st period - Snap shot by Thomas Vanek.
17:04 of 1st period - Stopped by Evgeni Nabokov with a rebound.
17:06 of 1st period - Snap shot by Bryce Salvador.
17:06 of 1st period - Stopped by Evgeni Nabokov without a rebound.
17:07 of 1st period - Matt Stajan wins face-off versus Alexandre Burrows in Sabres zone.
17:18 of 1st period - Wrist shot by Alexandre Burrows.
17:18 of 1st period - Shot Blocked by Alex Pietrangelo.
17:42 of 1st period - Wrist shot by Chris Higgins.
17:42 of 1st period - Shot Blocked by Bryce Salvador.
17:44 of 1st period - Slapshot by Alex Pietrangelo.
17:44 of 1st period - Deflect By Alexandre Burrows.
17:44 of 1st period - Stopped by Antti Niemi without a rebound.
17:45 of 1st period - Patrik Elias wins face-off versus Will Acton in Wild zone.
17:49 of 1st period - Off-side.
17:50 of 1st period - Will Acton wins face-off versus Patrik Elias in neutral zone.
18:28 of 1st period - Penalty to Steve Downie is over, Steve Downie is back on ice.
19:59 of 1st period - Minor Penalty to Alexandre Burrows for Hooking.
Goals for this period are 3 for Wild vs 1 for Sabres.
Shots for this period are 20 for Wild vs 6 for Sabres.
Goals for this period are 3 for Wild vs 1 for Sabres.
Shots for this period are 20 for Wild vs 6 for Sabres.

2nd period


0:01 of 2nd period - Sidney Crosby wins face-off versus Patrik Elias in neutral zone.
1:59 of 2nd period - Penalty to Alexandre Burrows is over, Alexandre Burrows is back on ice.
2:41 of 2nd period - Slapshot by Chris Higgins.
2:41 of 2nd period - Shot Misses the Net.
3:14 of 2nd period - Alexandre Burrows is hit by Steve Downie and loses puck.
3:25 of 2nd period - Minor Penalty to Maxime Talbot for Holding.
3:26 of 2nd period - Sidney Crosby wins face-off versus Patrik Elias in Wild zone.
3:57 of 2nd period - Bryce Salvador is hit by Henrik Zetterberg and loses puck.
4:54 of 2nd period - David Perron is hit by Dan Boyle and loses puck.
5:25 of 2nd period - Penalty to Maxime Talbot is over, Maxime Talbot is back on ice.
5:43 of 2nd period - Wrist shot by Chris Higgins.
5:43 of 2nd period - Shot Misses the Net.
5:56 of 2nd period - Wrist shot by Chris Higgins.
5:56 of 2nd period - Shot Misses the Net.
5:58 of 2nd period - Snap shot by Jay Bouwmeester.
5:58 of 2nd period - Shot Blocked by Bryce Salvador.
6:00 of 2nd period - Slapshot by Eric Brewer.
6:00 of 2nd period - Stopped by Antti Niemi with a rebound.
6:02 of 2nd period - Snap shot by Jay Bouwmeester.
6:02 of 2nd period - Stopped by Antti Niemi without a rebound.
6:03 of 2nd period - Matt Stajan wins face-off versus Maxime Talbot in Wild zone.
6:12 of 2nd period - Snap shot by Gustav Nyquist.
6:12 of 2nd period - Deflect By Matt Stajan.
6:12 of 2nd period - Stopped by Antti Niemi without a rebound.
6:13 of 2nd period - Matt Stajan wins face-off versus Maxime Talbot in Wild zone.
6:23 of 2nd period - Minor Penalty to Cody Franson for Hooking.
6:24 of 2nd period - Sidney Crosby wins face-off versus Patrik Elias in Wild zone.
6:26 of 2nd period - Snap shot by Sidney Crosby.
6:26 of 2nd period - Stopped by Antti Niemi without a rebound.
6:27 of 2nd period - Sidney Crosby wins face-off versus Patrik Elias in Wild zone.
6:36 of 2nd period - Snap shot by Steven Stamkos.
6:36 of 2nd period - Shot Misses the Net.
6:38 of 2nd period - Slapshot by Jay Bouwmeester.
6:38 of 2nd period - Shot Misses the Net.
6:40 of 2nd period - Slapshot by Alex Pietrangelo.
6:40 of 2nd period - Stopped by Antti Niemi with a rebound.
8:02 of 2nd period - Mark Streit is hit by Blake Wheeler and loses puck.
8:09 of 2nd period - Backhand shot by Henrik Zetterberg.
8:09 of 2nd period - Stopped by Antti Niemi without a rebound.
8:10 of 2nd period - Henrik Zetterberg wins face-off versus Patrik Elias in Wild zone.
8:23 of 2nd period - Penalty to Cody Franson is over, Cody Franson is back on ice.
8:38 of 2nd period - Dan Boyle is hit by Steven Stamkos and loses puck.
8:45 of 2nd period - Minor Penalty to Drew Miller for Cross-checking.
8:46 of 2nd period - Patrik Elias wins face-off versus Henrik Zetterberg in Wild zone.
8:58 of 2nd period - Slapshot by Brooks Orpik.
8:58 of 2nd period - Deflect By Henrik Zetterberg.
8:58 of 2nd period - Stopped by Antti Niemi without a rebound.
8:59 of 2nd period - Patrik Elias wins face-off versus Henrik Zetterberg in Wild zone.
9:08 of 2nd period - Brad Marchand is hit by Blake Wheeler and loses puck.
9:15 of 2nd period - Wrist shot by Blake Wheeler.
9:15 of 2nd period - Goal by Blake Wheeler - Wild : 3 - Sabres : 2.
9:16 of 2nd period - Steven Stamkos wins face-off versus Maxime Talbot in neutral zone.
9:27 of 2nd period - Snap shot by Steven Stamkos.
9:27 of 2nd period - Stopped by Antti Niemi without a rebound.
9:28 of 2nd period - Steven Stamkos wins face-off versus Maxime Talbot in Wild zone.
9:29 of 2nd period - Backhand shot by Henrik Zetterberg.
9:29 of 2nd period - Stopped by Antti Niemi with a rebound.
9:47 of 2nd period - Snap shot by Blake Wheeler.
9:47 of 2nd period - Shot Blocked by Cody Franson.
10:22 of 2nd period - Slapshot by Thomas Vanek.
10:22 of 2nd period - Shot Blocked by Alex Pietrangelo.
11:10 of 2nd period - Brooks Orpik is hit by Michal Handzus and loses puck.
11:15 of 2nd period - Wrist shot by Chris Neil.
11:15 of 2nd period - Shot Misses the Net.
11:50 of 2nd period - Matt Stajan is hit by Tuomo Ruutu and loses puck.
12:11 of 2nd period - Wrist shot by Dwight King.
12:11 of 2nd period - Goal by Dwight King - Wild : 3 - Sabres : 3.
12:12 of 2nd period - Steven Stamkos wins face-off versus Patrik Elias in neutral zone.
12:33 of 2nd period - Snap shot by Thomas Vanek.
12:33 of 2nd period - Stopped by Evgeni Nabokov with a rebound.
12:41 of 2nd period - Snap shot by Thomas Vanek.
12:41 of 2nd period - Shot Blocked by Blake Wheeler.
13:14 of 2nd period - Off-side.
13:15 of 2nd period - Michal Handzus wins face-off versus Matt Stajan in neutral zone.
13:37 of 2nd period - Slapshot by Jay Bouwmeester.
13:37 of 2nd period - Shot Misses the Net.
14:02 of 2nd period - Off-side.
14:03 of 2nd period - Will Acton wins face-off versus Maxime Talbot in neutral zone.
15:41 of 2nd period - Slapshot by Marek Zidlicky.
15:41 of 2nd period - Goal by Marek Zidlicky - Wild : 4 - Sabres : 3.
15:42 of 2nd period - Michal Handzus wins face-off versus Steven Stamkos in neutral zone.
15:49 of 2nd period - Slapshot by Cody Franson.
15:49 of 2nd period - Stopped by Evgeni Nabokov without a rebound.
15:50 of 2nd period - Michal Handzus wins face-off versus Steven Stamkos in Sabres zone.
16:05 of 2nd period - Wrist shot by Michal Handzus.
16:05 of 2nd period - Shot Misses the Net.
16:07 of 2nd period - Slapshot by Cody Franson.
16:07 of 2nd period - Deflect By Chris Neil.
16:07 of 2nd period - Shot Misses the Net.
16:07 of 2nd period - Puck is out of play.
16:08 of 2nd period - Sidney Crosby wins face-off versus Patrik Elias in Sabres zone.
16:35 of 2nd period - Wrist shot by David Perron.
16:35 of 2nd period - Stopped by Antti Niemi without a rebound.
16:36 of 2nd period - Steven Stamkos wins face-off versus Maxime Talbot in Wild zone.
16:57 of 2nd period - Snap shot by Steven Stamkos.
16:57 of 2nd period - Stopped by Antti Niemi without a rebound.
16:58 of 2nd period - Patrik Elias wins face-off versus Dwight King in Wild zone.
16:58 of 2nd period - Patrik Elias is hit by Dwight King.
17:01 of 2nd period - Minor Penalty to Jordan Eberle for Roughing.
17:02 of 2nd period - Sidney Crosby wins face-off versus Patrik Elias in Wild zone.
17:02 of 2nd period - Slapshot by Steven Stamkos.
17:02 of 2nd period - Shot Misses the Net.
17:04 of 2nd period - Slapshot by Alex Pietrangelo.
17:04 of 2nd period - Stopped by Antti Niemi without a rebound.
17:05 of 2nd period - Patrik Elias wins face-off versus Sidney Crosby in Wild zone.
18:23 of 2nd period - Wrist shot by Patrik Elias.
18:23 of 2nd period - Stopped by Evgeni Nabokov with a rebound.
18:45 of 2nd period - Wrist shot by Sidney Crosby.
18:45 of 2nd period - Shot Misses the Net.
18:47 of 2nd period - Wrist shot by Sidney Crosby.
18:47 of 2nd period - Stopped by Antti Niemi with a rebound.
19:01 of 2nd period - Penalty to Jordan Eberle is over, Jordan Eberle is back on ice.
19:19 of 2nd period - Alec Martinez is hit by Drew Miller and loses puck.
19:53 of 2nd period - Jerred Smithson is hit by Eric Brewer and loses puck.
Goals for this period are 1 for Wild vs 2 for Sabres.
Shots for this period are 4 for Wild vs 15 for Sabres.

3rd period


0:01 of 3rd period - Steven Stamkos wins face-off versus Patrik Elias in neutral zone.
0:06 of 3rd period - Snap shot by Blake Wheeler.
0:06 of 3rd period - Stopped by Antti Niemi with a rebound.
0:18 of 3rd period - Alex Pietrangelo is hit by Patrik Elias.
0:36 of 3rd period - Snap shot by Henrik Zetterberg.
0:36 of 3rd period - Shot Misses the Net.
1:42 of 3rd period - Brad Marchand is hit by Matt Stajan and loses puck.
1:55 of 3rd period - Snap shot by Gustav Nyquist.
1:55 of 3rd period - Shot Misses the Net.
2:24 of 3rd period - Alec Martinez is hit by Jerred Smithson.
2:38 of 3rd period - Slapshot by Chris Higgins.
2:38 of 3rd period - Deflect By Dany Heatley.
2:38 of 3rd period - Shot Misses the Net.
2:38 of 3rd period - Puck is out of play.
2:39 of 3rd period - Patrik Elias wins face-off versus Will Acton in Wild zone.
3:34 of 3rd period - Bryce Salvador is hit by Steve Downie and loses puck.
3:43 of 3rd period - Alex Pietrangelo is hit by Michal Handzus and loses puck.
3:56 of 3rd period - Brooks Orpik is hit by Chris Neil and loses puck.
4:20 of 3rd period - Minor Penalty to Marek Zidlicky for High sticking.
4:21 of 3rd period - Henrik Zetterberg wins face-off versus Patrik Elias in Wild zone.
4:45 of 3rd period - Slapshot by Thomas Vanek.
4:45 of 3rd period - Stopped by Evgeni Nabokov with a rebound.
6:20 of 3rd period - Penalty to Marek Zidlicky is over, Marek Zidlicky is back on ice.
6:39 of 3rd period - Snap shot by Dany Heatley.
6:39 of 3rd period - Stopped by Antti Niemi with a rebound.
6:41 of 3rd period - Slapshot by Jay Bouwmeester.
6:41 of 3rd period - Stopped by Antti Niemi with a rebound.
6:43 of 3rd period - Wrist shot by Will Acton.
6:43 of 3rd period - Shot Blocked by Cody Franson.
6:43 of 3rd period - Cody Franson from Wild is injured at 6:43 of 3rd period (Right Ankle).
6:44 of 3rd period - Jordan Eberle wins face-off versus Steven Stamkos in Wild zone.
7:13 of 3rd period - Icing by Alex Pietrangelo.
7:14 of 3rd period - Steven Stamkos wins face-off versus Maxime Talbot in Sabres zone.
7:14 of 3rd period - Steven Stamkos is hit by Brad Marchand.
7:30 of 3rd period - Snap shot by Henrik Zetterberg.
7:30 of 3rd period - Deflect By Blake Wheeler.
7:30 of 3rd period - Shot Misses the Net.
7:30 of 3rd period - Puck is out of play.
7:31 of 3rd period - Maxime Talbot wins face-off versus David Perron in Wild zone.
7:36 of 3rd period - Slapshot by Marek Zidlicky.
7:36 of 3rd period - Deflect By Alexandre Burrows.
7:36 of 3rd period - Shot Misses the Net.
7:36 of 3rd period - Puck is out of play.
7:37 of 3rd period - Patrik Elias wins face-off versus David Perron in Sabres zone.
8:08 of 3rd period - Steve Downie is hit by Jordan Eberle and loses puck.
9:37 of 3rd period - Drew Miller is hit by Dwight King and loses puck.
9:44 of 3rd period - Wrist shot by Dwight King.
9:44 of 3rd period - Shot Misses the Net.
9:46 of 3rd period - Slapshot by Stephane Robidas.
9:46 of 3rd period - Stopped by Antti Niemi with a rebound.
9:48 of 3rd period - Snap shot by Dwight King.
9:48 of 3rd period - Shot Misses the Net.
9:50 of 3rd period - Snap shot by Matt Stajan.
9:50 of 3rd period - Stopped by Antti Niemi without a rebound.
9:51 of 3rd period - Will Acton wins face-off versus Michal Handzus in Wild zone.
9:56 of 3rd period - Snap shot by Dany Heatley.
9:56 of 3rd period - Shot Blocked by Michal Handzus.
10:26 of 3rd period - Backhand shot by Stephane Robidas.
10:26 of 3rd period - Stopped by Antti Niemi with a rebound.
10:32 of 3rd period - Alec Martinez is hit by Thomas Vanek.
10:49 of 3rd period - Matt Stajan is hit by Luke Schenn and loses puck.
11:11 of 3rd period - Slapshot by Dan Boyle.
11:11 of 3rd period - Stopped by Evgeni Nabokov without a rebound.
11:12 of 3rd period - Steven Stamkos wins face-off versus Jerred Smithson in Sabres zone.
11:17 of 3rd period - Jerred Smithson is hit by Steven Stamkos and loses puck.
11:32 of 3rd period - Slapshot by Henrik Zetterberg.
11:32 of 3rd period - Shot Misses the Net.
12:09 of 3rd period - Alex Pietrangelo is hit by Chris Neil and loses puck.
12:44 of 3rd period - Maxime Talbot is hit by Brooks Orpik and loses puck.
12:59 of 3rd period - Snap shot by Matt Stajan.
12:59 of 3rd period - Stopped by Antti Niemi without a rebound.
13:00 of 3rd period - Patrik Elias wins face-off versus Will Acton in Wild zone.
13:11 of 3rd period - Snap shot by Thomas Vanek.
13:11 of 3rd period - Shot Misses the Net.
13:23 of 3rd period - Slapshot by Jordan Eberle.
13:23 of 3rd period - Stopped by Evgeni Nabokov with a rebound.
13:25 of 3rd period - Snap shot by Patrik Elias.
13:25 of 3rd period - Shot Blocked by Stephane Robidas.
13:27 of 3rd period - Wrist shot by Luke Schenn.
13:27 of 3rd period - Deflect By Stephane Robidas.
13:27 of 3rd period - Stopped by Evgeni Nabokov with a rebound.
13:29 of 3rd period - Wrist shot by Patrik Elias.
13:29 of 3rd period - Stopped by Evgeni Nabokov without a rebound.
13:30 of 3rd period - Jerred Smithson wins face-off versus Steven Stamkos in Sabres zone.
14:24 of 3rd period - Maxime Talbot is hit by Brooks Orpik.
14:41 of 3rd period - Snap shot by Sidney Crosby.
14:41 of 3rd period - Shot Misses the Net.
14:43 of 3rd period - Slapshot by Brooks Orpik.
14:43 of 3rd period - Deflect By Sidney Crosby.
14:43 of 3rd period - Stopped by Antti Niemi without a rebound.
14:44 of 3rd period - Matt Stajan wins face-off versus Patrik Elias in Wild zone.
14:53 of 3rd period - Slapshot by Dwight King.
14:53 of 3rd period - Stopped by Antti Niemi without a rebound.
14:54 of 3rd period - Patrik Elias wins face-off versus Matt Stajan in Wild zone.
15:11 of 3rd period - Snap shot by Gustav Nyquist.
15:11 of 3rd period - Shot Misses the Net.
15:19 of 3rd period - Thomas Vanek is hit by Jay Bouwmeester and loses puck.
15:26 of 3rd period - Jay Bouwmeester is hit by Bryce Salvador and loses puck.
16:07 of 3rd period - Backhand shot by Sidney Crosby.
16:07 of 3rd period - Stopped by Antti Niemi with a rebound.
16:09 of 3rd period - Snap shot by Alex Pietrangelo.
16:09 of 3rd period - Shot Misses the Net.
16:11 of 3rd period - Slapshot by Alex Pietrangelo.
16:11 of 3rd period - Shot Misses the Net.
16:13 of 3rd period - Slapshot by Alex Pietrangelo.
16:13 of 3rd period - Stopped by Antti Niemi with a rebound.
16:31 of 3rd period - Slapshot by Mark Streit.
16:31 of 3rd period - Shot Misses the Net.
16:55 of 3rd period - Slapshot by Drew Miller.
16:55 of 3rd period - Stopped by Evgeni Nabokov with a rebound.
16:57 of 3rd period - Slapshot by Bryce Salvador.
16:57 of 3rd period - Stopped by Evgeni Nabokov with a rebound.
16:59 of 3rd period - Snap shot by Chris Neil.
16:59 of 3rd period - Deflect By Michal Handzus.
16:59 of 3rd period - Goal by Michal Handzus - Wild : 5 - Sabres : 3.
17:00 of 3rd period - Patrik Elias wins face-off versus Sidney Crosby in neutral zone.
17:57 of 3rd period - Slapshot by Gustav Nyquist.
17:57 of 3rd period - Deflect By Dwight King.
17:57 of 3rd period - Stopped by Antti Niemi with a rebound.
17:59 of 3rd period - Slapshot by Matt Stajan.
17:59 of 3rd period - Shot Misses the Net.
18:01 of 3rd period - Slapshot by Matt Stajan.
18:01 of 3rd period - Stopped by Antti Niemi without a rebound.
18:02 of 3rd period - Steven Stamkos wins face-off versus Michal Handzus in Wild zone.
18:21 of 3rd period - Wrist shot by Steven Stamkos.
18:21 of 3rd period - Shot Misses the Net.
18:23 of 3rd period - Backhand shot by Stephane Robidas.
18:23 of 3rd period - Deflect By Steven Stamkos.
18:23 of 3rd period - Shot Blocked by Bryce Salvador.
18:23 of 3rd period - Puck is out of play.
18:24 of 3rd period - Will Acton wins face-off versus Maxime Talbot in Wild zone.
18:25 of 3rd period - Snap shot by Chris Higgins.
18:25 of 3rd period - Shot Misses the Net.
19:17 of 3rd period - Drew Miller is hit by Blake Wheeler and loses puck.
19:31 of 3rd period - Minor Penalty to Alex Pietrangelo for Holding.
19:32 of 3rd period - Matt Stajan wins face-off versus Patrik Elias in Sabres zone.
19:44 of 3rd period - Snap shot by Thomas Vanek.
19:44 of 3rd period - Stopped by Evgeni Nabokov with a rebound.
19:46 of 3rd period - Wrist shot by Jordan Eberle.
19:46 of 3rd period - Stopped by Evgeni Nabokov without a rebound.
19:47 of 3rd period - Patrik Elias wins face-off versus Matt Stajan in Sabres zone.
Goals for this period are 1 for Wild vs 0 for Sabres.
Shots for this period are 10 for Wild vs 13 for Sabres.


Output by the SimonT Hockey Simulator (STHS) for Eric Dolegowski -- Original Page W3C XHTML 1.0 Valid
Hockey Simulator - Hockey Simulation - Hockey Manager